 Dungeon Crawl Stone Soup version 0.22-a0-322-g60b3cfd (webtiles) character file.

70 tilp the Chiller (level 4, -6/30 HPs)
             Began as a Merfolk Ice Elementalist on Apr 3, 2018.
             Mangled by a gnoll (7 damage)
             ... on level 2 of the Dungeon.
             The game lasted 00:04:13 (1871 turns).

tilp the Chiller (Merfolk Ice Elementalist)         Turns: 1871, Time: 00:04:14

Health: -6/30      AC:  2    Str:  8    XL:     4   Next: 21%
Magic:  7/7        EV: 13    Int: 15    God:
Gold:   40         SH:  0    Dex: 14    Spells: 1/7 levels left

rFire    . . .     SeeInvis .   j - +1 dagger (freeze)
rCold    . . .     Gourm    .   (no shield)
rNeg     . . .     Faith    .   a - +0 robe
rPois    .         Spirit   .   (no helmet)
rElec    .         Reflect  .   (no cloak)
rCorr    .         Harm     .   (no gloves)
MR       .....                  (no boots)
Stlth    ++........             (no amulet)
HPRegen  0.10/turn              (no ring)
MPRegen  0.10/turn              (no ring)

@: no status effects
A: change form in water, swift swim, stealthy swim
a: no special abilities


You were on level 2 of the Dungeon.
You were not hungry.

You visited 1 branch of the dungeon, and saw 2 of its levels.

You collected 40 gold pieces.

Inventory:

Hand Weapons
 b - a +0 club
 d - a +3 mace
 j - a +1 dagger of freezing (weapon)
 m - a +3 hunting sling
Missiles
 e - 54 stones
 h - 12 tomahawks (quivered)
Armour
 a - a +0 robe (worn)
Jewellery
 l - an uncursed ring of positive energy {unknown}
Scrolls
 g - 3 scrolls of identify {unknown}
 i - 2 scrolls of enchant armour {unknown}
 k - a scroll of magic mapping {unknown}
 n - a scroll of amnesia {unknown}
 o - 2 scrolls of teleportation {unknown}
 q - a scroll of noise {unknown}
Potions
 f - 2 potions of might {unknown}
Comestibles
 c - 3 rations
 p - 3 chunks of flesh


   Skills:
 - Level 2.6 Dodging
 - Level 2.1 Stealth
 - Level 2.0 Spellcasting
 - Level 0.7 Conjurations
 + Level 5.4 Ice Magic


You had one spell level left.
You knew the following spells:

 Your Spells              Type           Power        Failure   Level  Hunger
a - Freeze                Ice            ###.         2%          1    #......
b - Throw Frost           Conj/Ice       ##....       10%         2    ###....
c - Ozocubu's Armour      Chrm/Ice       #.......     22%         3    ###....


Dungeon Overview and Level Annotations

Branches:
Dungeon (2/15)

Altars:


Message History

Things that are here:
a dagger; a kobold corpse
Things that are here:
a leopard gecko skeleton; a goblin skeleton Your magical contamination has completely faded away.
The gnoll hits you from afar with a spear.
A gnoll comes into view.
The gnoll shouts!
The gnoll hits you!
A gnoll comes into view. It is wielding a spear.
A gnoll comes into view.
The gnoll shouts!
The gnoll hits you. The gnoll hits you!
* * * LOW HITPOINT WARNING * * *
The gnoll hits you from afar with a spear.
* * * LOW HITPOINT WARNING * * *
There is a stone staircase leading up here.
The gnoll barely misses you. x2; The gnoll hits you!
You die...

#................# ##
#.######.#####.#.#######
.#
###.######.##.............
.#
#...........#.##.#.#######
.###.#.#######.#.#.##.##
.....#.# ###....#....##
.#####.#####...g.....#..#
..............g.g...###.#
..##.[........g<@##..#..#
..##.#######..#####....##
..##.# #..# #.#.## ..##.#
#.. #.#.# ..##.# #.. #.#.#
..##.# .. #.#.# ..##.#
#.#.# ..##.. #.... #..
#.#.##


You could see 4 gnolls.

Vanquished Creatures
  2 gnolls (D:2)
  An adder (D:2)
  An ooze (D:1)
  A worm (D:2)
  2 dart slugs (D:1)
  2 leopard geckos (D:2)
  A ball python (D:1)
  A giant cockroach (D:1)
  2 goblins
  3 hobgoblins
  3 jackals (D:1)
  3 frilled lizards (D:1)
  2 kobolds
  5 rats
29 creatures vanquished.

Notes
Turn   | Place    | Note
-------+----------+-------------------------------------------
     0 | D:1      | tilp the Merfolk Ice Elementalist began the quest for the Orb.
     0 | D:1      | Reached XP level 1. HP: 13/13 MP: 3/3
   309 | D:1      | Reached XP level 2. HP: 13/19 MP: 0/5
   312 | D:1      | Reached skill level 4 in Ice Magic
   862 | D:1      | Reached XP level 3. HP: 2/24 MP: 4/6
   866 | D:1      | Learned a level 2 spell: Throw Frost
   870 | D:1      | Learned a level 3 spell: Ozocubu's Armour
  1517 | D:2      | Reached skill level 5 in Ice Magic
  1796 | D:2      | Reached XP level 4. HP: 30/30 MP: 5/7
  1870 | D:2      | HP: 1/30 [gnoll/spear (5)]
  1871 | D:2      | Mangled by a gnoll

Vault maps used:
D:1:      scummos_arrival_forest, st_stairs_4
D:2:      eat_drink_and_be_merry_uskayaw, chequers_ecumenical_altar_lobes

Skill      XL: |  1  2  3 |
---------------+----------+-----
Ice Magic      | 4 5 |  5.4
Dodging        | |  2.6
Stealth        | |  2.1
Spellcasting   | |  2.0
Conjurations   | |  0.7

Action                   |  1- 3 |  4- 6 || total
-------------------------+-------+-------++-------
Melee: Dagger            |    62 |       ||    62
 Cast: Freeze            |    17 |     3 ||    20
       Throw Frost       |     2 |     1 ||     3
       Ozocubu's Armour  |     1 |       ||     1
 Stab: Sleeping          |     2 |       ||     2
  Eat: Chunk             |     4 |       ||     4
Armor: Robe              |    15 |     1 ||    16
Dodge: Dodged            |    30 |     2 ||    32

Table legend:
 A = Spawn XP
 B = Non-spawn XP
 C = Spawn XP percentage of total XP
 D = Spawn monster count
 E = Non-spawn monster count
 F = Spawn count percentage of total count
 G = Total turns spent on level
                    A         B        C        D         E        F      G
               +---------+---------+-------+---------+---------+-------+---------
         Total |       0 |     100 |   0.0 |       0 |      29 |   0.0 |  1871
               +---------+---------+-------+---------+---------+-------+---------
           D:1 |       0 |      39 |   0.0 |       0 |      19 |   0.0 |  1374
           D:2 |       0 |      61 |   0.0 |       0 |      10 |   0.0 |   497
               +---------+---------+-------+---------+---------+-------+---------
